 Dungeon Crawl Stone Soup version 0.30-a0-297-g0ec75d9ef4 (webtiles) character file.

Game seed: 1660939887206787200

16 IdlyInterested the Charlatan (level 2, 0/22 HPs)
             Began as a Demonspawn Wanderer on Oct 18, 2022.
             Slain by a worm (10 damage)
             ... on level 2 of the Dungeon.
             The game lasted 00:04:16 (1061 turns).

IdlyInterested the Charlatan (Demonspawn Wanderer)  Turns: 1061, Time: 00:04:17

Health: 0/22       AC:  5    Str: 13    XL:     2   Next: 37%
Magic:  3/3        EV: 10    Int: 14    God:
Gold:   48         SH:  0    Dex: 10    Spells: 3/3 levels left

rFire   . . .      SeeInvis .    f - +0 dagger (elec)
rCold   . . .      Faith    .    (no shield)
rNeg    . . .      Spirit   .    l - +0 ring mail
rPois   .          Reflect  .    (no helmet)
rElec   .          Harm     .    (no cloak)
rCorr   .          Rampage  .    (no gloves)
Will    .....                    (no boots)
Stlth   +.........               (no amulet)
HPRegen 0.23/turn                (no ring)
MPRegen 0.08/turn                (no ring)

@: no status effects
A: demonic touch 1
a: no special abilities


You were on level 2 of the Dungeon.
You visited 1 branch of the dungeon, and saw 2 of its levels.

You collected 48 gold pieces.

Inventory:

Hand Weapons
 a - a +0 club
 f - a +0 dagger of electrocution (weapon)
 h - a +0 quarterstaff
Armour
 d - a +0 robe
 k - a +0 leather armour
 l - a +0 ring mail (worn)
Scrolls
 b - a scroll of silence
 g - 2 scrolls of teleportation {unknown}
 j - a scroll of identify {unknown}
 n - a scroll of noise {unknown}
Potions
 c - a potion of haste
 i - a potion of flight {unknown}
 m - a potion of resistance {unknown}
Miscellaneous
 e - a tin of tremorstones (1/2) (quivered)


   Skills:
 * Level 1.7 Fighting
 - Level 1.0 Armour
 + Level 1.5 Stealth
 - Level 1.0 Spellcasting
 - Level 2.0 Poison Magic
 - Level 5.0 Evocations


You had 3 spell levels left.
You didn't know any spells.
Your spell library contained the following spells:

 Spells                   Type           Power      Damage    Failure   Level
 Poisonous Vapours        Pois/Air       6%         N/A       50%         2
 Cigotuvi's Dreadful Rot  Necr/Pois/Air  4%         N/A       54%         2
 Summon Guardian Golem    Hex/Summ       0%         N/A       86%         3
 Orb of Destruction       Conj           0%         9d5       100%        7
 Spellforged Servitor     Conj/Summ      0%         N/A       100%        7


Dungeon Overview and Level Annotations

Branches:
Dungeon (2/15)

Altars:


Innate Abilities, Weirdness & Mutations

Your touch may inflict minor irresistible damage on your foes.


Message History

You closely miss the rat.
You touch the rat.
You kill the rat!
You see here a ball python corpse.
Found a ring mail.
You see here a +0 ring mail.
l - a +0 ring mail You start removing your armour.
You continue taking off your +0 leather armour. x4
You finish taking off your +0 leather armour.
You start putting on your armour.
You continue putting on your +0 ring mail. x5
You finish putting on your +0 ring mail.
m - a clear potion
n - a scroll labelled ACAAKH JAEX You open the door.
There is an open door here.
There is an open door here.
Done exploring.
Done exploring.
There is a stone staircase leading down here.
You climb downwards.
There is a stone staircase leading up here.
You climb upwards.
There is a stone staircase leading down here.
You open the door.
There is an open door here.
There is an open door here.
There is a stone staircase leading down here.
You climb downwards.
Found a scroll labelled KEISUB QUXIPN.
There is a stone staircase leading up here.
The worm bites you!
You completely miss the worm. You hit the worm.
The worm is lightly wounded.
The worm bites you.
You hit the worm. Lightning courses through the worm!
The worm is severely wounded.
The worm bites you!
You die...

..## ...##
#..####
....
##.....#
#.#.
#......#
... #
#......#
...
#.#......#
..#
##.##.<...#
..#
#...#....?#
.<#
#.@..#.##
..#
#..w#.##.#
..#
##.##... #
... ##
#.### #.#
#.# #.# #.#
#.# #.# #..
.#


You could see a worm.

Vanquished Creatures
  3 endoplasms (D:1)
  A giant cockroach (D:1)
  2 goblins (D:1)
  5 ball pythons (D:1)
  2 bats (D:1)
  3 rats (D:1)
16 creatures vanquished.

Notes
Turn   | Place    | Note
-------+----------+-------------------------------------------
     0 | D:1      | IdlyInterested the Demonspawn Wanderer began the quest for
                  | the Orb.
     0 | D:1      | IdlyInterested set off with the following items: a +0 club,
                  | a scroll of silence, a potion of haste, a +0 robe, a tin of
                  | tremorstones (2/2); and the following spells available to
                  | memorise: Poisonous Vapours, Cigotuvi's Dreadful Rot.
     0 | D:1      | Reached XP level 1. HP: 13/13 MP: 2/2
   224 | D:1      | Reached skill level 1 in Fighting
   426 | D:1      | Gained mutation: Your touch may inflict minor irresistible
                  | damage on your foes. [demonic ancestry]
   426 | D:1      | Reached XP level 2. HP: 6/21 MP: 3/3
  1061 | D:2      | Slain by a worm

Illustrated notes

Levels and vault maps discovered:
D:1:      dpeg_arrival_round_c, layout_basic, grunt_decor_fettered
D:2:      layout_loops_cross, shapermc_ecumenical_altar_totnotflames,
          dk_noncrumbling_3, minivault_5, minmay_misc_feat_tower

Skill      XL: |  1 |
---------------+----+-----
Fighting       | 1 |  1.7
Armour         | |  1.0
Stealth        | |  1.5
Spellcasting   | |  1.0
Poison Magic   | |  2.0
Evocations     | |  5.0

Action                   || total
-------------------------++-------
Melee: Dagger            ||    51
       Touch             ||     4
Throw: Stone             ||     4
Evoke: Tin of tremorston ||     1
 Stab: Sleeping          ||     1
Armor: Robe              ||    10
       Leather armour    ||     4
Dodge: Dodged            ||    30

Table legend: (Time is in decaauts)
 A = Elapsed time spent in this place.
 B = Non-inter-level travel time spent in this place.
 C = Inter-level travel time spent in this place.
 D = Time resting spent in this place.
 E = Time spent auto-exploring this place.
 F = Levels seen in this place.
 G = Mean time per level.
                   A        B        C        D        E       F      G
               +--------+--------+--------+--------+--------+-----+--------+
         Total |   1061 |   1029 |     32 |    199 |    626 |   2 |  530.5 |
       Dungeon |   1061 |   1029 |     32 |    199 |    626 |   2 |  530.5 |
               +--------+--------+--------+--------+--------+-----+--------+

Top non-repeatable levels by time:
     D:1: 1054 daAuts
     D:2: 6 daAuts
